Unix NetHack Version 5.0.0-0 post-release - last build Jun 10 2026 00:39:30 (3ee93aec679c4c4259841fe613dc97188e26a321,branch:main).

Game began 2026-06-15 11:24:31, ended 2026-06-15 11:30:08.

Drastanta, lawful male human Samurai

                                                                         ---.
                                                                        --..-
                                                                        |...--
                                                                        |-...|
                                                             --....------.)..|
                                                             |).......|[....--
                                                            --....^--..G@...---
                                                         ---.......|-..G....).|
                                                        --<..------|..........|
                                                   ..----.)---     |.........--
                                                   .)).....|       |.........|
                                                   ---------       -----.....|
                                                                       |....--
                                                                       |....|
                                                                       --.---
                                                                        ---
Drastanta the Ronin    St:14 Dx:13 Co:18 In:14 Wi:9 Ch:7  Lawful
Dlvl:3  $:27 HP:0(42) Pw:11(11) AC:4  Xp:4 T:889 

Latest messages:
 You hear crashing rock.
 You hear a chugging sound.
 You hear an E note squeak in the distance.
 You are hit by an arrow!
 You miss the gnome.
 You kill the gnome!
 Welcome to experience level 4.
 You swap places with Hachi.
 You hear an E note squeak in the distance.
 You are hit by an arrow!
 An arrow misses you.
 An arrow misses you.
 You hit the dwarf!
 You kill the dwarf!
 There are many objects here.
 r - a dwarvish iron helm.
 o - a murky potion (2 in total).
 Hachi drops an arrow.
 Hachi eats a gnome corpse.
 You are almost hit by an arrow.
 You hit the gnome!
 The gnome swings her bow.
 The gnome just misses!
 You miss the gnome.
 You hear an E note squeak in the distance.
 The gnome swings her bow.
 The gnome hits!
 You miss the gnome.
 You kill the gnome!
 There are several objects here.
 You see here an arrow.
 You are carrying too much to get through.
 You stop.  Hachi is in the way!
 You see here an arrow.
 The gnome wields 3 daggers!
 The gnome swings his aklys.
 The gnome misses!
 You miss the gnome.
 The gnome thrusts one of his daggers.
 The gnome hits!
 The gnome swings his aklys.
 The gnome hits!
 You miss the gnome.
 You hit the gnome.
 The gnome thrusts one of his daggers.
 The gnome hits!
 The gnome swings his aklys.
 The gnome hits!
 You die...
 Do you want your possessions identified? [ynq] (y) q

Inventory:
 Coins    ('$')
  $ - 27 gold pieces
 Weapons  (')')
  p - a +0 arrow
  d - 26 +0 ya (in quiver)
  c - a +0 yumi (alternate weapon; not wielded)
  a - a +0 katana (weapon in right hand)
  b - a +0 wakizashi
 Armor    ('[')
  r - an uncursed +0 dwarvish iron helm
  e - an uncursed rustproof +0 splint mail (being worn)
 Scrolls  ('?')
  n - an uncursed scroll of confuse monster
  l - an uncursed scroll of enchant armor
  q - a cursed scroll of stinking cloud
 Potions  ('!')
  o - 2 uncursed potions of blindness
  h - an uncursed potion of confusion
  i - a cursed potion of monster detection
  g - a blessed potion of oil
 Rings    ('=')
  m - an uncursed -1 ring of gain constitution
  j - an uncursed ring of poison resistance
 Tools    ('(')
  f - an uncursed blindfold

Drastanta the Samurai's attributes:

Background:
 You were a Ronin, a level 4 male human Samurai.
 You were lawful, on a mission for Amaterasu Omikami
 who was opposed by Raijin (neutral) and Susanowo (chaotic).
 You were right-handed.
 You were in the Gnomish Mines, on level 3.
 You entered the dungeon 889 turns ago.
 There was a new moon in effect when your adventure ended.
 You had 103 experience points, 57 more were needed to attain level 5.

Basics:
 You had 0 out of 42 hit points.
 You had all 11 energy points (spell power).
 Your armor class was 4.
 Your wallet contained 27 zorkmids.
 Autopickup was on for '$' plus thrown.

Final Characteristics:
 Your strength was 14 (limit:18/100).
 Your dexterity was 13 (limit:18).
 Your constitution was 18 (limit:18).
 Your intelligence was 14 (limit:18).
 Your wisdom was 9 (limit:18).
 Your charisma was 7 (limit:18).

Final Status:
 You weren't hungry.
 You were unencumbered.
 You were wielding a long sword.
 You had basic skill with long sword.

Final Attributes:
 You were devoutly aligned.
 You were warded.
 You were fast.
 You are dead.

Miscellaneous:
 You didn't encounter any bones levels.
 Total elapsed playing time was 5 minutes and 37 seconds.

Major events:
 Turn
    1: Drastanta the lawful male human Samurai entered the dungeon
  348: entered the Gnomish Mines
  775: attained the rank of Ronin (level 3)
  889: killed by a gnome

You didn't know any spells.

Skills:
 Fighting Skills
   martial arts      [Basic]
   two weapon combat [Unskilled]
   riding            [Unskilled]
 Weapon Skills
   dagger            [Unskilled]
   knife             [Unskilled]
   short sword       [Basic]
   broadsword        [Unskilled]
   long sword        [Basic]
   two-handed sword  [Unskilled]
   saber             [Unskilled]
   flail             [Unskilled]
   quarterstaff      [Unskilled]
   polearms          [Unskilled]
   spear             [Unskilled]
   lance             [Unskilled]
   bow               [Basic]
   shuriken          [Unskilled]
 Spellcasting Skills
   attack spells     [Unskilled]
   divination spells [Unskilled]
   clerical spells   [Unskilled]

Voluntary challenges:
 Character rerolling was not enabled.
 You followed a strict vegan diet.
 You were illiterate.
 You never genocided any monsters.
 You never polymorphed an object.
 You never changed form.
 You used no wishes.
Achievements:
 You entered the Gnomish Mines.
 You entered a shop.
 You attained the rank of Ronin.

 The Dungeons of Doom: levels 1 to 2
    Level 1:
    Level 2:
       A scroll shop, a fountain, a grave.
       Stairs down to The Gnomish Mines.
 The Gnomish Mines:
    Level 3: <- You were here.
       Final resting place for
          you, killed by a gnome.


Vanquished creatures:
  a gnome leader
  a dwarf
  a gas spore
  5 gnomes
  a fox
  a kobold
  2 goblins
  a sewer rat
  3 grid bugs
  2 lichens
  4 newts
22 creatures vanquished.

No species were genocided or became extinct.

Game over:
                       ----------
                      /          \
                     /    REST    \
                    /      IN      \
                   /     PEACE      \
                  /                  \
                  |    Drastanta     |
                  |      27 Au       |
                  |   killed by a    |
                  |      gnome       |
                  |                  |
                  |                  |
                  |       2026       |
                 *|     *  *  *      | *
        _________)/\\_//(\/(/\)/\//\/|_)_______

Sayonara Drastanta the Samurai...

You died in The Gnomish Mines on dungeon level 3 with 537 points,
and 27 pieces of gold, after 889 moves.
You were level 4 with a maximum of 42 hit points when you died.

